 Dungeon Crawl Stone Soup version 0.22.1-1-ga44c0e5 (webtiles) character file.

979 seyes the Changer (level 8, -2/57 HPs)
             Began as an Octopode Transmuter on Oct 28, 2018.
             Was a Follower of Okawaru.
             Slain by an orc warrior
             ... wielding a +0 trident
              (6 damage)
             ... on level 6 of the Dungeon.
             The game lasted 00:36:30 (6254 turns).

seyes the Changer (Octopode Transmuter)             Turns: 6254, Time: 00:36:30

Health: -2/57      AC:  6    Str: 10    XL:     8   Next: 17%
Magic:  8/14       EV: 13    Int: 17    God:    Okawaru [*.....]
Gold:   289        SH:  0    Dex: 12    Spells: 9/16 levels left

rFire    x . .     SeeInvis .     - Unarmed
rCold    + + +     Gourm    .   (shield currently unavailable)
rNeg     . . .     Faith    .   (helmet currently unavailable)
rPois    +         Spirit   .   o - amulet of regeneration
rElec    .         Reflect  .   C - ring of flight
rCorr    .         Harm     .   (no ring)
MR       .....                  (no ring)
Stlth    +++.......             (no ring)
HPRegen  0.59/turn              (no ring)
MPRegen  0.14/turn              (no ring)
                                (no ring)
                                (no ring)

@: ice-form, heroism
A: large, almost no armour, stealthy swim, amphibious, 8 rings, (constrict 8)
a: End Transformation, Heroism, Renounce Religion, Evoke Flight


You were on level 6 of the Dungeon.
You worshipped Okawaru.
Okawaru was aware of your devotion.
You were not hungry.
You were a creature of crystalline ice.
You visited 1 branch of the dungeon, and saw 7 of its levels.

You collected 289 gold pieces.

Inventory:

Missiles
 a - 17 arrows
 b - 288 stones (quivered)
 j - 2 javelins
 r - 12 tomahawks
Armour
 e - a +0 buckler
Jewellery
 o - an amulet of regeneration (around neck)
 C - a ring of flight (left front paw)
Wands
 t - a wand of digging (2)
 v - a wand of polymorph (16)
Scrolls
 f - a scroll of fear {unknown}
 g - a scroll of identify
 k - 2 scrolls of amnesia
 l - a scroll of remove curse
 m - a scroll of noise {unknown}
 s - 2 scrolls of teleportation {unknown}
 y - a scroll of random uselessness {unknown}
 z - a scroll of blinking {unknown}
 A - a scroll of brand weapon {unknown}
Potions
 d - a potion of agility
 h - 2 potions of heal wounds
 i - a potion of ambrosia
 n - a potion of brilliance
 p - 2 potions of curing
 q - a potion of degeneration
 u - 2 potions of resistance
 w - a potion of haste {unknown}
 x - a potion of cancellation {unknown}
Comestibles
 c - 5 rations
 B - 10 chunks of flesh


   Skills:
 - Level 1.0(6.0) Fighting
 - Level 2.0(7.0) Dodging
 - Level 3.0(8.0) Unarmed Combat
 + Level 4.6 Spellcasting
 + Level 6.6 Transmutations
 + Level 4.4 Ice Magic


You had 9 spell levels left.
You knew the following spells:

 Your Spells              Type           Power        Failure   Level  Hunger
a - Beastly Appendage     Tmut           ####..       1%          1    None
i - Ice Form              Ice/Tmut       ###.....     16%         4    ####...
t - Sticks to Snakes      Tmut           ####....     1%          2    ##.....

Your spell library contained the following spells:

 Spells                   Type           Power        Failure   Level  Hunger
 Spider Form              Tmut/Pois      ###.......   12%         3    ###....
 Blade Hands              Tmut           ####......   26%         5    ######.


Dungeon Overview and Level Annotations

Branches:
Dungeon (7/15)             Temple (0/1) D:5

Altars:
Dithmenos
Fedhas
Gozag
Nemelex Xobeh
Okawaru
Qazlal
Ru
Trog
Vehumet
Wu Jian
Xom
Yredelemnul
Zin
The Shining One

Shops:
D:4 *   D:5 [


Innate Abilities, Weirdness & Mutations

You cannot wear most types of armour.
You are very stealthy in the water. (Stealth+)
You are amphibious.
You can wear up to eight rings at the same time.
((You can use your tentacles to constrict eight enemies at once.))
((Your skin changes colour to match your surroundings (Stealth+).))
((Your rubbery body absorbs attacks. (AC +1, EV +1)))


Message History

The orc priest begins to cast a cantrip, but forgets the words!
You punch the orc priest! You freeze the orc priest.
The orc priest is severely wounded.
The orc warrior closely misses you.
The orc priest calls down the wrath of Beogh upon you.
Beogh smites you!
You punch the orc priest! You freeze the orc priest.
You kill the orc priest!
Okawaru accepts your kill.
The orc warrior hits you with a trident!
You hit the orc warrior. You freeze the orc warrior.
The orc warrior is lightly wounded.
The orc warrior hits you with a trident!
You gain the combat prowess of a mighty hero.
The orc warrior hits you with a trident!!
* * * LOW HITPOINT WARNING * * *
You barely miss the orc warrior.
The orc warrior is lightly wounded.
The orc warrior hits you with a trident.
You die...

..#
#.............#
#.#
#.........#####
#.# #.........#
#.####....##...#
#.........##.#.##
..........##.#..#
..........##.##.##
.#........##.##o)#
.#........##....Y#
.#........########
.#........#
.#........#
##........#
#........#
#........#
#........#
#........#


You could see an orc warrior.

Vanquished Creatures
  A black bear (D:6)
  An orc warrior (D:6)
  A scorpion (D:7)
  A howler monkey (D:6)
  A crimson imp (D:5)
  A hound (D:5)
  3 centaur skeletons
  2 orc priests
  Natasha (thrice) (D:4)
  An iguana (D:7)
  3 orc wizards
  2 worker ants (D:6)
  A hound zombie (D:5)
  3 gnolls (D:3)
  9 adders
  An ooze (D:2)
  An adder skeleton (D:6)
  2 dart slugs
  3 worms (D:2)
  4 leopard geckos
  20 orcs
  5 bats
  10 goblins
  12 hobgoblins
  9 jackals
  2 quokkas
  4 frilled lizards
  9 kobolds
  A quokka skeleton (D:6)
  9 rats
125 creatures vanquished.

Vanquished Creatures (others)
  3 plants (D:7)
3 creatures vanquished.

Grand Total: 128 creatures vanquished

Notes
Turn   | Place    | Note
-------+----------+-------------------------------------------
     0 | D:1      | seyes the Octopode Transmuter began the quest for the Orb.
     0 | D:1      | Reached XP level 1. HP: 13/13 MP: 3/3
    90 | D:1      | You fall through a shaft!
    90 | D:2      | Found a blossoming altar of Fedhas.
    90 | D:2      | Found a shimmering altar of Xom.
   114 | D:2      | Reached XP level 2. HP: 14/18 MP: 3/5
   203 | D:1      | Learned a level 2 spell: Sticks to Snakes
   335 | D:1      | Reached skill level 3 in Transmutations
   693 | D:1      | Reached XP level 3. HP: 22/23 MP: 4/6
  1216 | D:1      | Reached skill level 4 in Transmutations
  1502 | D:2      | Reached XP level 4. HP: 19/28 MP: 5/7
  2093 | D:2      | Learned a level 4 spell: Ice Form
  2212 | D:2      | Found a bloodstained altar of Trog.
  2358 | D:2      | Reached XP level 5. HP: 20/33 MP: 8/8
  2504 | D:2      | Found an iron altar of Okawaru.
  2512 | D:2      | Became a worshipper of Warmaster Okawaru
  2625 | D:3      | Found a basalt altar of Yredelemnul.
  2747 | D:3      | Reached skill level 1 in Ice Magic
  2929 | D:3      | Reached skill level 5 in Transmutations
  3308 | D:3      | Reached XP level 6. HP: 28/38 MP: 6/10
  3612 | D:4      | You fall through a shaft for 2 floors!
  3679 | D:5      | Entered Level 5 of the Dungeon
  3691 | D:5      | Found a shadowy altar of Dithmenos.
  3701 | D:5      | Found a glowing silver altar of Zin.
  3802 | D:5      | Found Geass's Antique Armour Shoppe.
  3856 | D:5      | Found a sparkling altar of Nemelex Xobeh.
  4004 | D:4      | Found Qoffan's Assorted Antiques.
  4031 | D:4      | Noticed Natasha
  4043 | D:4      | Killed Natasha
  4145 | D:4      | Noticed Natasha
  4160 | D:4      | Killed Natasha
  4160 | D:4      | Reached XP level 7. HP: 41/43 MP: 0/12
  4442 | D:4      | Noticed Natasha
  4454 | D:4      | Killed Natasha
  4750 | D:5      | Found a sacrificial altar of Ru.
  5093 | D:5      | Found a staircase to the Ecumenical Temple.
  5370 | D:6      | Reached skill level 6 in Transmutations
  5576 | D:6      | Reached * piety under Okawaru
  5754 | D:6      | Found a radiant altar of Vehumet.
  5754 | D:6      | Found an opulent altar of Gozag.
  5754 | D:6      | Found a stormy altar of Qazlal.
  5756 | D:6      | Found an ornate altar of the Wu Jian Council.
  5756 | D:6      | Found a glowing golden altar of the Shining One.
  5874 | D:6      | Reached XP level 8. HP: 48/48 MP: 14/14
  6254 | D:6      | Slain by an orc warrior

Skill      XL: |  1  2  3  4  5  6  7 |
---------------+----------------------+-----
Transmutations | 3 4 5 6 |  6.6
Ice Magic      | 1 2 4 |  4.4
Spellcasting   | 3 4 |  4.6
Fighting       | |  1.0
Dodging        | |  2.0
Unarmed Combat | |  3.0

Action                   |  1- 3 |  4- 6 |  7- 9 || total
-------------------------+-------+-------+-------++-------
Melee: Unarmed           |    69 |   164 |   118 ||   351
       Kick              |    15 |    28 |     9 ||    52
       Constrict         |    20 |    33 |    10 ||    63
       Tentacles         |    13 |    24 |     9 ||    46
       Punch             |       |     2 |     1 ||     3
Throw: Stone             |     2 |     5 |     5 ||    12
 Cast: Beastly Appendage |    13 |    23 |     6 ||    42
       Ice Form          |       |     3 |    10 ||    13
       Sticks to Snakes  |       |       |     1 ||     1
Invok: Heroism           |       |       |     1 ||     1
 Abil: End Transformatio |       |       |     1 ||     1
  Use: Scroll            |       |     6 |     4 ||    10
 Stab: Sleeping          |     2 |     4 |     1 ||     7
       Distracted        |     1 |       |       ||     1
  Eat: Chunk             |     2 |     8 |    11 ||    21
Armor: Skin              |     1 |    10 |    18 ||    29
Dodge: Dodged            |    34 |    79 |    48 ||   161
